AoeStats
← VS

Four Lakes

510273062Analyzed
1v1 RM · 23h ago on Sep 30, 2026· 36m 24s· 2 players
Game mode
Random Map
Map size
Tiny (2 player)
Population
200
Speed
Normal
Resources
Standard
Victory
Conquest
Starting age
Dark Age
Ending age
Imperial Age
RankedLock teamsTeams togetherTeam positionsShared explorationLock speedFull tech treeHidden civsTurbo modeCheats
Victory
Defeat
🇬🇪 Franks · Georgia
899
+15
🇪🇸 Lithuanians · Spain
872
-15
garbanzomoruno
8:42 Loom
11:24 Feudal Age
12:02 Double-Bit Axe
19:25 Castle Age
19:06 Scale Barding Armor
20:15 Pikeman
22:25 Forging
31:38 Horse Collar
34:16 Fletching
38:18 Imperial Age
VS
4:51 Loom
10:08 Feudal Age
12:44 Wheelbarrow
15:53 Castle Age
16:40 Scale Barding Armor
20:24 Double-Bit Axe
26:00 Stone Mining
28:27 Hand Cart
32:16 Imperial Age
29:39 Ordonnance Companies
30:32 Forging
31:21 Bow Saw
33:49 Elite Throwing Axeman
Connection lost

Rejoining the realm…

Still unreachable

The connection could not be restored.

Session expired

The server has moved on; the page needs a fresh start.